 Dungeon Crawl Stone Soup version 0.16.2-12-gd0ad4c3 (webtiles) character file.

2086 faibistes the Thaumaturge (level 9, -3/49 HPs)
             Began as a Deep Elf Wizard on Dec 19, 2018.
             Was a Believer of Sif Muna.
             Slain by an orc warrior
             ... wielding a cursed -2 halberd
              (27 damage)
             ... on level 7 of the Dungeon.
             The game lasted 00:30:41 (8822 turns).

faibistes the Thaumaturge (Deep Elf Wizard)         Turns: 8822, Time: 00:30:41

Health: -3/49      AC:  3    Str:  4    XL:     9   Next: 6%
Magic:  29/38      EV: 15    Int: 27    God:    Sif Muna [**....]
Gold:   362        SH:  0    Dex: 13    Spells: 6 memorised, 14 levels left

rFire  + . .     SeeInvis +     w - +2 dagger (drain)
rCold  + . .     Clarity  .     A - +1 robe {rC+ rF+}
rNeg   . . .     SustAb   .     (no shield)
rPois  .         Gourm    .     b - +0 hat
rElec  .         Spirit   .     (no cloak)
rCorr  .         Warding  .     (no gloves)
rMut   .         Stasis   .     (no boots)
MR     .....                    y - amulet of inaccuracy (curse)
Stlth  ++........               D - ring of see invisible
                                k - ring of magical power

@: repel missiles, not resistant to hostile enchantments, unstealthy
A: no striking features
a: Channel Energy, Forget Spell, Renounce Religion


You were on level 7 of the Dungeon.
You worshipped Sif Muna.
Sif Muna was pleased with you.
You were very hungry.

You visited 2 branches of the dungeon, and saw 8 of its levels.

You collected 362 gold pieces.

Inventory:

Hand weapons
 l - a +1 dagger
 w - a +2 dagger of draining (weapon)
 H - the +4 dagger of Ruination {holy, -Tele MP+9 Int+2 Dex+2 Stlth+}
   (You found it on level 6 of the Dungeon)

   It has been blessed by the Shining One to cause great damage to the undead
   and demons.
   It affects your intelligence (+2).
   It affects your dexterity (+2).
   It affects your magic capacity (+9).
   It prevents most forms of teleportation.
   It makes you more stealthy.
 W - a +2 spear of flaming
Armour
 b - a +0 hat (worn)
 A - a +1 robe of resistance (worn)
Jewellery
 f - an uncursed ring of fire
 k - a ring of magical power (left hand)
 y - a cursed amulet of inaccuracy (around neck)
 D - a ring of see invisible (right hand)
Magical devices
 i - a wand of frost (25)
 j - a wand of digging (7)
 n - a wand of random effects (19)
 J - a wand of teleportation (5)
Scrolls
 h - a scroll of recharging {unknown}
 m - 2 scrolls of fog {unknown}
 s - 2 scrolls of amnesia
 v - a scroll of blinking {unknown}
 C - a scroll of enchant armour {unknown}
 E - a scroll of teleportation {unknown}
 F - 2 scrolls of identify
Potions
 e - 7 potions of curing
 g - a potion of agility
 p - a potion of cancellation
 t - 2 potions of might
 x - a potion of magic
 B - 2 potions of ambrosia
 G - a potion of berserk rage
 I - a potion of invisibility
Books
 c - a book of Minor Magic

   Spells                             Type                      Level
   a - Magic Dart                     Conjuration                  1
   b - Blink                          Translocation                2
   c - Call Imp                       Summoning                    2
   d - Repel Missiles                 Charms/Air                   2
   e - Slow                           Hexes                        2
   f - Conjure Flame                  Conjuration/Fire             3
   g - Mephitic Cloud                 Conjuration/Poison/Air       3
 q - a book of Envenomations

   Spells                             Type                      Level
   a - Spider Form                    Transmutation/Poison         3
   b - Alistair's Intoxication        Transmutation/Poison         4
   c - Olgreb's Toxic Radiance        Poison                       4
   d - Poisonous Cloud                Conjuration/Poison/Air       6
 r - a book of the Dragon

   Spells                             Type                      Level
   a - Flight                         Charms/Air                   3
   b - Cause Fear                     Hexes                        4
   c - Bolt of Fire                   Conjuration/Fire             6
   d - Dragon Form                    Transmutation                7
   e - Dragon's Call                  Summoning                    9
Comestibles
 a - 4 fruits
 d - 5 bread rations
 o - 5 meat rations
 u - 2 slices of pizza
 z - 3 beef jerkies


   Skills:
 - Level 2.6 Fighting
 + Level 5.7 Dodging
 - Level 2.4 Stealth
 * Level 9.7 Spellcasting
 * Level 5.6 Conjurations
 - Level 1.1 Summonings
 - Level 2.9 Translocations
 - Level 3.5 Fire Magic
 * Level 3.3 Air Magic
 + Level 2.6 Poison Magic


You had 14 spell levels left.
You knew the following spells:

 Your Spells              Type           Power        Failure   Level  Hunger
a - Magic Dart            Conj           ####         1%          1    None
b - Conjure Flame         Conj/Fire      #####...     1%          3    None
c - Call Imp              Summ           ###.....     4%          2    None
d - Blink                 Tloc           N/A          1%          2    None
e - Mephitic Cloud        Conj/Pois/Air  ####....     2%          3    None
f - Repel Missiles        Chrm/Air       ###...       3%          2    None


Dungeon Overview and Level Annotations

Branches:
Dungeon (7/15)             Temple (1/1) D:6

Altars:
Ashenzari
Cheibriados
Dithmenos
Elyvilon
Fedhas
Gozag
Kikubaaqudgha
Makhleb
Nemelex Xobeh
Okawaru
Qazlal
Ru
Sif Muna
Trog
Vehumet
The Shining One

Shops:
D:6 *

Annotations:
D:4 exclusion: statue


Message History

The orc warrior appears confused.
The orc warrior closely misses the water moccasin.
You are feeling very hungry.
The orc warrior is engulfed in noxious fumes.
The orc warrior appears confused.
The orc warrior is engulfed in noxious fumes.
The orc warrior appears confused.
Casting: Mephitic Cloud
Confirm with . or Enter, or press ? or * to list all spells.
Aiming: Conjure Flame
Press: ? - help, Dir - move target cursor, p - orc warrior The fire roars!
The orc warrior is engulfed in roaring flames.
The orc warrior says, "I'm a little confused."
You catch the helpless orc warrior completely off-guard!
You hit the orc warrior.
The orc warrior is almost dead.
The orc warrior hits you with a halberd!!
Ouch! That really hurt!
You die...

#.. #o. #o#
#o# #§# #S#
#§# #o# #@#
#.#
#########
#.###
#.......###
#...#
#.######..#
###.# #.#
#.## #.#
#.# #.##
#.# #.#
#... #.#
#.# #### ##
### #.# #.#


You could see an orc warrior (confused), a water moccasin, an orc priest and 2
orcs.

Vanquished Creatures
  Eustachio (D:6)
  An ice beast (D:7)
  A sky beast (D:7)
  3 ogres
  2 centaurs (D:5)
  Blork the orc (D:4)
  4 giant frogs
  A scorpion (D:7)
  2 crimson imps
  A quasit (D:7)
  A giant frog zombie (D:6)
  3 orc priests
  A gnoll shaman (D:4)
  5 orc wizards
  A centaur skeleton (D:6)
  A hound (D:6)
  4 worker ants
  Ijyb (D:2)
  A hound skeleton (D:6)
  Robin (D:3)
  14 gnolls
  7 adders
  Natasha (twice) (D:2)
  4 worms
  3 giant geckos
  An ooze (D:2)
  30 orcs
  A bat skeleton (D:6)
  8 giant cockroaches
  11 hobgoblins
  10 jackals
  11 kobolds
  5 quokkas
  13 bats
  A giant cockroach zombie (D:5)
  4 giant newts
  28 goblins
  20 rats
209 creatures vanquished.

Vanquished Creatures (collateral kills)
  Natasha (D:3)
  2 goblins (D:2)
3 creatures vanquished.

Grand Total: 212 creatures vanquished

Notes
Turn   | Place    | Note
--------------------------------------------------------------
     0 | D:1      | faibistes, the Deep Elf Wizard, began the quest for the Orb.
     0 | D:1      | Reached XP level 1. HP: 10/10 MP: 6/6
   580 | D:1      | Reached XP level 2. HP: 15/15 MP: 10/10
   669 | D:1      | Learned a level 2 spell: Blink
   672 | D:1      | Learned a level 2 spell: Call Imp
   812 | D:1      | Found a glowing golden altar of the Shining One.
  1027 | D:3      | Noticed Natasha
  1034 | D:3      | Killed Natasha
  1034 | D:3      | Reached skill level 5 in Spellcasting
  1034 | D:3      | Reached XP level 3. HP: 19/19 MP: 12/14
  1039 | D:3      | Learned a level 3 spell: Conjure Flame
  1043 | D:3      | Learned a level 3 spell: Mephitic Cloud
  1133 | D:2      | Found a bloodstained altar of Trog.
  1417 | D:3      | Noticed Robin
  1519 | D:2      | Learned a level 2 spell: Repel Missiles
  1751 | D:3      | Killed Robin
  1751 | D:3      | Reached XP level 4. HP: 24/24 MP: 17/17
  2174 | D:3      | Noticed Ijyb
  2174 | D:3      | Noticed Natasha
  2184 | D:2      | Killed Natasha
  2300 | D:2      | Killed Ijyb
  2300 | D:2      | Reached skill level 6 in Spellcasting
  2510 | D:2      | Reached XP level 5. HP: 18/28 MP: 11/20
  2598 | D:2      | Noticed Natasha
  2605 | D:2      | Killed Natasha
  3867 | D:5      | Entered Level 5 of the Dungeon
  3880 | D:4      | Noticed an ogre
  3898 | D:4      | Killed an ogre
  3898 | D:4      | Reached XP level 6. HP: 32/32 MP: 7/22
  3926 | D:4      | Reached skill level 7 in Spellcasting
  4133 | D:5      | Noticed a centaur
  4148 | D:5      | Killed a centaur
  4148 | D:5      | Reached skill level 1 in Fighting
  4335 | D:4      | Reached XP level 7. HP: 38/38 MP: 19/25
  4721 | D:4      | Noticed Blork the orc
  4749 | D:4      | Killed Blork the orc
  4749 | D:4      | Reached skill level 8 in Spellcasting
  5215 | D:4      | Found a radiant altar of Vehumet.
  5325 | D:6      | Found Wimi Poi's General Store.
  5499 | D:6      | Found a staircase to the Ecumenical Temple.
  5516 | Temple   | Entered the Ecumenical Temple
  5567 | Temple   | Became a worshipper of Sif Muna the Loreminder
  5807 | D:7      | Reached skill level 1 in Fire Magic
  5807 | D:7      | Reached skill level 1 in Air Magic
  5807 | D:7      | Reached skill level 1 in Poison Magic
  5807 | D:7      | Reached XP level 8. HP: 45/45 MP: 15/27
  5826 | D:7      | Reached skill level 5 in Dodging
  6419 | D:5      | Found a blossoming altar of Fedhas.
  6468 | D:5      | Acquired Sif Muna's first power
  6630 | D:5      | Noticed a centaur
  6642 | D:5      | Killed a centaur
  6760 | D:6      | Reached skill level 9 in Spellcasting
  7711 | D:6      | Got a steaming dagger
  7712 | D:6      | Identified the +4 dagger of Ruination {holy, -Tele MP+9 Int+2 Dex+2 Stlth+} (You found it on level 6 of the Dungeon)
  7796 | D:6      | Reached skill level 5 in Conjurations
  8050 | D:6      | Noticed Eustachio
  8291 | D:6      | Killed Eustachio
  8291 | D:6      | Acquired Sif Muna's second power
  8547 | D:7      | Reached XP level 9. HP: 49/49 MP: 29/29
  8822 | D:7      | Slain by an orc warrior

Action                   |  1- 3 |  4- 6 |  7- 9 || total
-------------------------+-------+-------+-------++-------
Melee: Dagger            |     2 |    10 |    19 ||    31
       Spear             |       |       |    39 ||    39
 Cast: Magic Dart        |    79 |   176 |   326 ||   581
       Call Imp          |     5 |       |       ||     5
       Mephitic Cloud    |     4 |    17 |    10 ||    31
       Blink             |     1 |     4 |     4 ||     9
       Repel Missiles    |     1 |     1 |       ||     2
       Conjure Flame     |       |     3 |    21 ||    24
  Use: Scroll            |       |     7 |     9 ||    16
 Stab: Sleeping          |     1 |       |       ||     1
       Confused          |       |       |     3 ||     3
  Eat: Chunk             |     2 |     8 |    13 ||    23
